General information
- name: BNet
- type: Ladder team game (AT/RT)
- host: Battle.net
- saver: I_BS
map: Cherryville
- players: 8
- length: 57:56
- speed: Fast
- version: 1.26 W3XP
- replay type: Public
» download(376 KB)
Players
team 1 (winner)

»
I_BS (
orange | 66 APM | 3811 actions | 57:56)
10 Blood Mage
3 Flame Strike
3 Siphon Mana
1 Summon Phoenix
3 Banish
1 Blademaster
1 Critical Strike
» actions
| Assign group hotkey | 47 | |
| Basic commands | 328 | |
| Build / train | 120 | |
| ESC pressed | 15 | |
| Enter build submenu | 54 | |
| Enter hero's abilities submenu | 11 | |
| Give item / drop item | 1 | |
| Right click | 1081 | |
| Select / deselect | 1067 | |
| Select group hotkey | 905 | |
| Use ability | 179 | |
3811 total
» units
| Peasant | 27 | |
| Mortar Team | 10 | |
| Siege Engine | 19 | |
56 total
» upgrades
| Masonry | 3 | |
| Gunpowder | 3 | |
| Barrage | 1 | |
| Fragmentation Shards | 1 | |
| Lumber Harvesting | 2 | |
| Plating | 3 | |
| Flare | 1 | |
| Armor | 3 | |
17 total
» buildings
| Altar of Kings | 1 | |
| Barracks | 1 | |
| Lumber Mill | 1 | |
| Farm | 14 | |
| Scout Tower | 12 | |
| Guard Tower | 10 | |
| Arcane Tower | 1 | |
| Arcane Vault | 2 | |
| Keep | 1 | |
| Blacksmith | 1 | |
| Workshop | 6 | |
| Castle | 1 | |
| Town Hall | 5 | |
56 total
» build order
00:04 Altar of Kings
00:08 Barracks
00:12 Lumber Mill
01:27 Farm
01:36 Farm
01:50 Farm
03:17 Scout Tower
03:54 Guard Tower
03:57 Arcane Tower
05:34 Scout Tower
05:39 Arcane Vault
05:42 Scout Tower
06:09 Scout Tower
06:15 Guard Tower
06:22 Guard Tower
06:39 Guard Tower
06:49 Scout Tower
06:53 Scout Tower
07:08 Scout Tower
07:25 Guard Tower
07:36 Guard Tower
10:16 Scout Tower
10:17 Scout Tower
10:19 Scout Tower
10:34 Scout Tower
10:40 Keep
10:43 Guard Tower
10:46 Guard Tower
10:46 Guard Tower
10:46 Guard Tower
11:39 Blacksmith
12:28 Farm
12:43 Arcane Vault
13:26 Workshop
13:28 Workshop
14:27 Castle
15:21 Farm
15:25 Farm
15:27 Farm
16:54 Town Hall
18:49 Scout Tower
26:58 Workshop
27:02 Workshop
27:06 Workshop
27:15 Workshop
27:16 Farm
27:20 Farm
27:22 Farm
32:31 Town Hall
32:48 Town Hall
38:01 Farm
38:02 Farm
38:12 Farm
41:55 Town Hall
42:20 Farm
46:40 Town Hall
» items
| Lesser Clarity Potion | 9 | |
| Scroll of Town Portal | 5 | |
| Potion of Healing | 6 | |
| Staff of Sanctuary | 1 | |
| Scroll of Regeneration | 1 | |
22 total

»
Dorian12.0 (
pink | 118 APM | 5689 actions | 48:24)
10 Blademaster
3 Wind Walk
3 Critical Strike
1 Bladestorm
3 Mirror Image
» actions
| Assign group hotkey | 65 | |
| Basic commands | 324 | |
| Build / train | 100 | |
| Enter build submenu | 46 | |
| Enter hero's abilities submenu | 10 | |
| Give item / drop item | 8 | |
| Remove unit from queue | 2 | |
| Right click | 2488 | |
| Select / deselect | 1095 | |
| Select group hotkey | 1336 | |
| Use ability | 207 | |
5689 total
» units
| Peon | 18 | |
| Grunt | 10 | |
| Demolisher | 4 | |
| Troll Headhunter/Berserker | 18 | |
50 total
» upgrades
| Ranged Weapons | 3 | |
| Berserker Strength | 1 | |
| Burning Oil | 1 | |
| Armor | 3 | |
| Melee Weapons | 2 | |
| Troll Regeneration | 1 | |
| Berserker Upgrade | 1 | |
12 total
» buildings
| Altar of Storms | 1 | |
| Barracks | 11 | |
| Orc Burrow | 8 | |
| War Mill | 2 | |
| Stronghold | 1 | |
| Voodoo Lounge | 1 | |
| Great Hall | 10 | |
| Watch Tower | 6 | |
| Fortress | 2 | |
42 total
» build order
00:04 Altar of Storms
00:09 Barracks
00:30 Orc Burrow
01:35 Orc Burrow
02:40 War Mill
03:41 Stronghold
04:25 Barracks
05:03 Voodoo Lounge
06:57 Orc Burrow
09:02 Great Hall
10:40 Watch Tower
10:44 Fortress
11:37 War Mill
13:06 Watch Tower
14:01 Orc Burrow
15:20 Orc Burrow
15:24 Orc Burrow
18:10 Barracks
18:11 Barracks
18:12 Barracks
18:13 Barracks
18:16 Barracks
18:17 Barracks
18:19 Barracks
20:48 Barracks
20:52 Barracks
21:26 Orc Burrow
21:27 Orc Burrow
27:36 Great Hall
27:39 Great Hall
28:07 Great Hall
28:10 Great Hall
28:34 Great Hall
30:34 Great Hall
32:43 Watch Tower
37:03 Great Hall
39:53 Great Hall
41:32 Watch Tower
41:34 Watch Tower
44:17 Watch Tower
46:41 Great Hall
» items
| Mechanical Critter | 1 | |
| Scroll of Town Portal | 3 | |
| Lesser Clarity Potion | 4 | |
| Scroll of Regeneration | 1 | |
| Orb of Lightning | 1 | |
| Healing Salve | 2 | |
| Potion of Healing | 5 | |
| Potion of Mana | 4 | |
21 total
imagine] (
teal | 103 APM | 2027 actions | 19:46)
5 Paladin
3 Holy Light
1 Devotion Aura
1 Divine Shield
3 Mountain King
2 Storm Bolt
1 Thunder Clap
» actions
| Assign group hotkey | 215 | |
| Basic commands | 255 | |
| Build / train | 86 | |
| Enter build submenu | 27 | |
| Enter hero's abilities submenu | 8 | |
| Give item / drop item | 2 | |
| Remove unit from queue | 1 | |
| Right click | 659 | |
| Select / deselect | 275 | |
| Select group hotkey | 430 | |
| Use ability | 69 | |
2027 total
» units
| Peasant | 19 | |
| Footman | 11 | |
| Goblin Shredder | 5 | |
| Gryphon Rider | 12 | |
47 total
» upgrades
| Defend | 1 | |
| Masonry | 1 | |
| Swords | 3 | |
| Armor | 3 | |
| Storm Hammers | 1 | |
| Animal War Training | 1 | |
10 total
» buildings
| Altar of Kings | 1 | |
| Farm | 13 | |
| Barracks | 2 | |
| Town Hall | 3 | |
| Arcane Vault | 1 | |
| Lumber Mill | 1 | |
| Keep | 4 | |
| Blacksmith | 1 | |
| Castle | 3 | |
| Gryphon Aviary | 3 | |
32 total
» build order
00:15 Altar of Kings
00:27 Farm
01:03 Farm
01:35 Barracks
01:44 Farm
02:39 Farm
03:19 Farm
04:06 Town Hall
04:33 Barracks
05:18 Arcane Vault
06:05 Farm
06:10 Lumber Mill
06:40 Farm
07:15 Keep
07:15 Keep
07:15 Keep
07:36 Farm
07:38 Farm
07:42 Blacksmith
08:18 Farm
08:19 Farm
08:22 Farm
08:23 Farm
09:36 Castle
09:36 Castle
09:36 Castle
09:38 Gryphon Aviary
09:39 Gryphon Aviary
09:43 Gryphon Aviary
11:26 Town Hall
18:36 Town Hall
» items
| Scroll of Regeneration | 2 | |
| Scroll of Town Portal | 2 | |
4 total
BattleWolf (
yellow | 28 APM | 228 actions | 08:00)
1 Blademaster
1 Wind Walk
» actions
| Basic commands | 9 | |
| Build / train | 16 | |
| Enter build submenu | 9 | |
| Enter hero's abilities submenu | 1 | |
| Remove unit from queue | 2 | |
| Right click | 76 | |
| Select / deselect | 85 | |
| Use ability | 30 | |
228 total
» units
» buildings
| Altar of Storms | 1 | |
| Orc Burrow | 3 | |
| Voodoo Lounge | 1 | |
| War Mill | 1 | |
| Barracks | 2 | |
| Watch Tower | 2 | |
10 total
» build order
00:02 Altar of Storms
00:04 Orc Burrow
00:57 Voodoo Lounge
01:40 War Mill
02:31 Barracks
03:15 Barracks
03:30 Orc Burrow
03:32 Orc Burrow
03:44 Watch Tower
03:45 Watch Tower
» items
| Healing Salve | 1 | |
| Lesser Clarity Potion | 2 | |
3 total
team 2 (loser)
GeorgeSMcBush (
red | 75 APM | 4316 actions | 57:55)
3 Archmage
2 Summon Water Elemental
1 Brilliance Aura
» actions
| Assign group hotkey | 217 | |
| Basic commands | 326 | |
| Build / train | 163 | |
| ESC pressed | 27 | |
| Enter build submenu | 55 | |
| Enter hero's abilities submenu | 3 | |
| Give item / drop item | 3 | |
| Right click | 1699 | |
| Select / deselect | 952 | |
| Select group hotkey | 717 | |
| Use ability | 154 | |
4316 total
» units
| Peasant | 36 | |
| Footman | 6 | |
| Sorceress | 1 | |
| Priest | 1 | |
| Spell Breaker | 3 | |
| Goblin Shredder | 1 | |
| Flying Machine | 36 | |
| Mortar Team | 12 | |
| Siege Engine | 1 | |
| Goblin Sapper | 5 | |
102 total
» upgrades
| Masonry | 3 | |
| Lumber Harvesting | 1 | |
| Magic Sentry | 1 | |
| Sorceress Training | 2 | |
| Priest Training | 2 | |
| Swords | 3 | |
| Plating | 3 | |
| Control Magic | 1 | |
| Gunpowder | 3 | |
| Flak Cannons | 1 | |
| Armor | 2 | |
| Flying Machine Bombs | 1 | |
| Fragmentation Shards | 1 | |
| Flare | 1 | |
| Barrage | 1 | |
| Animal War Training | 1 | |
27 total
» buildings
| Barracks | 1 | |
| Farm | 16 | |
| Altar of Kings | 3 | |
| Arcane Vault | 1 | |
| Lumber Mill | 3 | |
| Scout Tower | 21 | |
| Arcane Tower | 8 | |
| Guard Tower | 8 | |
| Keep | 1 | |
| Town Hall | 2 | |
| Arcane Sanctum | 6 | |
| Blacksmith | 2 | |
| Castle | 1 | |
| Workshop | 9 | |
82 total
» build order
00:19 Barracks
00:34 Farm
00:51 Altar of Kings
01:23 Farm
01:41 Farm
02:17 Farm
03:40 Arcane Vault
03:42 Lumber Mill
04:20 Scout Tower
04:22 Scout Tower
04:25 Scout Tower
04:26 Scout Tower
05:26 Arcane Tower
05:27 Guard Tower
05:27 Guard Tower
05:46 Farm
06:20 Keep
06:34 Farm
07:01 Arcane Tower
07:58 Town Hall
08:53 Arcane Sanctum
08:54 Arcane Sanctum
08:54 Arcane Sanctum
08:56 Arcane Sanctum
08:56 Arcane Sanctum
08:56 Arcane Sanctum
10:25 Scout Tower
10:25 Scout Tower
10:25 Scout Tower
10:26 Scout Tower
10:26 Scout Tower
10:26 Scout Tower
11:23 Lumber Mill
11:27 Guard Tower
11:53 Altar of Kings
11:58 Guard Tower
12:00 Guard Tower
12:03 Lumber Mill
12:43 Scout Tower
12:44 Scout Tower
12:44 Scout Tower
12:45 Scout Tower
12:49 Scout Tower
12:49 Scout Tower
12:51 Scout Tower
12:51 Scout Tower
12:52 Scout Tower
12:52 Scout Tower
13:35 Town Hall
13:46 Blacksmith
13:46 Blacksmith
13:51 Farm
13:52 Farm
13:55 Castle
13:58 Arcane Tower
14:00 Guard Tower
14:00 Guard Tower
14:01 Arcane Tower
14:01 Arcane Tower
14:08 Farm
17:56 Workshop
17:56 Workshop
17:57 Workshop
17:57 Workshop
18:07 Workshop
22:06 Guard Tower
25:44 Farm
25:47 Farm
29:06 Workshop
29:07 Workshop
29:09 Workshop
30:18 Workshop
33:46 Altar of Kings
34:31 Farm
34:31 Farm
34:32 Farm
34:32 Farm
34:33 Farm
38:53 Scout Tower
39:03 Arcane Tower
39:03 Arcane Tower
» items
| Scroll of Regeneration | 3 | |
| Lesser Clarity Potion | 3 | |
| Boots of Speed | 1 | |
| Staff of Teleportation | 1 | |
| Ivory Tower | 2 | |
| Scroll of Town Portal | 2 | |
12 total

»
Naxx (
blue | 28 APM | 1600 actions | 57:55)
8 Death Knight
3 Unholy Aura
3 Death Coil
1 Death Pact
1 Animate Dead
6 Lich
3 Frost Armor
2 Frost Nova
1 Death and Decay
» actions
| Assign group hotkey | 10 | |
| Basic commands | 176 | |
| Build / train | 52 | |
| Enter build submenu | 28 | |
| Enter hero's abilities submenu | 14 | |
| Give item / drop item | 11 | |
| Right click | 733 | |
| Select / deselect | 245 | |
| Select group hotkey | 222 | |
| Use ability | 109 | |
1600 total
» units
| Acolyte | 8 | |
| Ghoul | 6 | |
| Frost Wyrm | 6 | |
20 total
» upgrades
| Freezing Breath | 1 | |
| Ghoul Frenzy | 1 | |
| Creature Attack | 3 | |
| Creature Carapace | 2 | |
7 total
» buildings
| Crypt | 1 | |
| Ziggurat | 15 | |
| Altar of Darkness | 3 | |
| Halls of the Dead | 1 | |
| Graveyard | 2 | |
| Tomb of Relics | 1 | |
| Black Citadel | 2 | |
| Sacrificial Pit | 1 | |
| Boneyard | 3 | |
| Spirit Tower | 1 | |
| Necropolis | 1 | |
31 total
» build order
00:08 Crypt
00:11 Ziggurat
00:40 Altar of Darkness
00:59 Ziggurat
02:36 Halls of the Dead
03:13 Ziggurat
03:16 Graveyard
03:22 Graveyard
03:27 Ziggurat
03:29 Ziggurat
03:53 Tomb of Relics
04:36 Ziggurat
04:57 Black Citadel
04:57 Black Citadel
05:00 Sacrificial Pit
07:19 Boneyard
07:20 Boneyard
07:22 Boneyard
07:28 Ziggurat
07:40 Ziggurat
15:30 Ziggurat
15:33 Ziggurat
15:34 Ziggurat
15:37 Ziggurat
15:38 Ziggurat
22:47 Spirit Tower
36:22 Altar of Darkness
47:56 Necropolis
49:22 Altar of Darkness
49:42 Ziggurat
50:36 Ziggurat
» items
| Periapt of Vitality | 1 | |
| Orb of Corruption | 1 | |
| Scroll of Town Portal | 3 | |
5 total
Lazeruss (
green | 71 APM | 4094 actions | 57:55)
5 Archmage
2 Blizzard
1 Brilliance Aura
2 Summon Water Elemental
3 Beastmaster
2 Summon Bear
1 Summon Quilbeast
» actions
| Assign group hotkey | 65 | |
| Basic commands | 3 | |
| Build / train | 160 | |
| Enter build submenu | 71 | |
| Enter hero's abilities submenu | 9 | |
| Give item / drop item | 2 | |
| Remove unit from queue | 7 | |
| Right click | 1667 | |
| Select / deselect | 567 | |
| Select group hotkey | 1416 | |
| Use ability | 127 | |
4094 total
» units
| Peasant | 29 | |
| Mortar Team | 6 | |
| Flying Machine | 39 | |
| Priest | 13 | |
| Siege Engine | 2 | |
89 total
» upgrades
| Masonry | 2 | |
| Lumber Harvesting | 2 | |
| Gunpowder | 3 | |
| Magic Sentry | 1 | |
| Priest Training | 2 | |
| Fragmentation Shards | 1 | |
| Flak Cannons | 1 | |
| Flying Machine Bombs | 1 | |
| Armor | 3 | |
16 total
» buildings
| Lumber Mill | 2 | |
| Farm | 18 | |
| Scout Tower | 25 | |
| Guard Tower | 27 | |
| Altar of Kings | 2 | |
| Barracks | 1 | |
| Keep | 2 | |
| Town Hall | 3 | |
| Arcane Vault | 1 | |
| Blacksmith | 1 | |
| Castle | 2 | |
| Arcane Sanctum | 1 | |
| Workshop | 2 | |
| Arcane Tower | 1 | |
88 total
» build order
00:20 Lumber Mill
00:34 Farm
01:33 Scout Tower
01:37 Scout Tower
01:39 Scout Tower
02:01 Guard Tower
02:01 Guard Tower
02:06 Guard Tower
02:11 Guard Tower
02:14 Scout Tower
02:18 Scout Tower
03:34 Altar of Kings
03:40 Guard Tower
03:50 Scout Tower
03:59 Farm
04:03 Barracks
04:20 Scout Tower
04:21 Guard Tower
04:23 Scout Tower
04:27 Scout Tower
04:33 Scout Tower
04:51 Guard Tower
04:52 Guard Tower
04:58 Guard Tower
05:02 Scout Tower
05:06 Guard Tower
05:33 Scout Tower
05:49 Guard Tower
05:49 Guard Tower
05:54 Scout Tower
06:01 Scout Tower
06:19 Guard Tower
06:25 Farm
06:35 Guard Tower
06:49 Guard Tower
06:49 Guard Tower
06:50 Guard Tower
07:41 Keep
07:48 Farm
07:58 Town Hall
08:26 Arcane Vault
08:35 Scout Tower
08:41 Farm
09:04 Guard Tower
09:15 Blacksmith
09:41 Farm
10:06 Castle
11:08 Arcane Sanctum
11:17 Farm
11:58 Workshop
12:03 Farm
13:10 Farm
13:15 Farm
15:59 Scout Tower
16:05 Farm
17:02 Guard Tower
17:07 Farm
47:50 Town Hall
48:50 Town Hall
50:26 Farm
50:48 Altar of Kings
51:23 Keep
52:03 Workshop
52:41 Scout Tower
52:43 Keep
53:12 Farm
53:22 Arcane Tower
53:46 Farm
54:15 Farm
54:23 Lumber Mill
54:48 Scout Tower
54:53 Scout Tower
55:26 Scout Tower
55:29 Guard Tower
55:32 Guard Tower
55:41 Farm
55:54 Farm
55:59 Guard Tower
56:09 Scout Tower
56:18 Scout Tower
56:20 Scout Tower
56:21 Scout Tower
56:26 Scout Tower
56:34 Castle
56:49 Guard Tower
57:15 Guard Tower
» items
| Boots of Speed | 1 | |
| Periapt of Vitality | 1 | |
| Scroll of Town Portal | 2 | |
| Orb of Fire | 1 | |
| Scroll of Regeneration | 1 | |
6 total

»
Les_Barbares (
purple | 35 APM | 1797 actions | 50:41)
7 Archmage
3 Summon Water Elemental
3 Blizzard
1 Mass Teleport
6 Mountain King
2 Storm Bolt
2 Thunder Clap
1 Bash
1 Avatar
1 Paladin
1 Holy Light
» actions
| Assign group hotkey | 63 | |
| Basic commands | 24 | |
| Build / train | 200 | |
| Enter build submenu | 58 | |
| Enter hero's abilities submenu | 14 | |
| Give item / drop item | 2 | |
| Remove unit from queue | 2 | |
| Right click | 418 | |
| Select / deselect | 484 | |
| Select group hotkey | 411 | |
| Use ability | 121 | |
1797 total
» units
| Peasant | 53 | |
| Rifleman | 25 | |
| Mortar Team | 31 | |
| Flying Machine | 26 | |
135 total
» upgrades
| Gunpowder | 2 | |
| Masonry | 3 | |
| Armor | 2 | |
| Fragmentation Shards | 1 | |
| Long Rifles | 1 | |
| Flak Cannons | 1 | |
| Flying Machine Bombs | 1 | |
| Plating | 1 | |
| Lumber Harvesting | 2 | |
14 total
» buildings
| Farm | 11 | |
| Altar of Kings | 1 | |
| Barracks | 2 | |
| Blacksmith | 1 | |
| Keep | 1 | |
| Scout Tower | 27 | |
| Arcane Vault | 2 | |
| Arcane Tower | 4 | |
| Lumber Mill | 1 | |
| Workshop | 4 | |
| Castle | 1 | |
| Town Hall | 3 | |
| Guard Tower | 12 | |
| Cannon Tower | 7 | |
77 total
» build order
00:12 Farm
00:18 Altar of Kings
00:39 Barracks
01:12 Blacksmith
01:39 Farm
02:54 Farm
03:48 Keep
03:51 Farm
03:56 Scout Tower
03:59 Scout Tower
04:06 Arcane Vault
04:56 Arcane Tower
05:02 Lumber Mill
05:07 Farm
05:16 Scout Tower
05:51 Arcane Tower
05:55 Farm
05:58 Scout Tower
06:31 Arcane Tower
06:48 Workshop
07:04 Farm
07:58 Farm
08:23 Castle
09:28 Town Hall
10:58 Workshop
13:02 Scout Tower
13:04 Scout Tower
13:07 Scout Tower
14:00 Guard Tower
14:01 Guard Tower
14:03 Guard Tower
18:39 Town Hall
18:47 Workshop
18:50 Scout Tower
18:52 Scout Tower
21:01 Guard Tower
21:05 Arcane Tower
22:09 Farm
22:14 Farm
23:54 Town Hall
26:27 Scout Tower
26:38 Scout Tower
26:55 Cannon Tower
26:59 Guard Tower
27:16 Cannon Tower
27:30 Arcane Vault
27:34 Workshop
27:41 Scout Tower
28:14 Guard Tower
37:01 Barracks
37:11 Scout Tower
37:15 Scout Tower
37:19 Scout Tower
37:53 Cannon Tower
37:54 Guard Tower
37:59 Scout Tower
39:54 Guard Tower
39:58 Scout Tower
40:01 Scout Tower
40:12 Scout Tower
40:35 Guard Tower
40:37 Cannon Tower
41:14 Guard Tower
41:16 Scout Tower
41:33 Scout Tower
41:42 Scout Tower
42:24 Farm
42:32 Scout Tower
43:14 Scout Tower
43:22 Scout Tower
44:02 Scout Tower
44:06 Scout Tower
44:09 Cannon Tower
44:10 Guard Tower
44:31 Guard Tower
47:36 Cannon Tower
47:37 Cannon Tower
» items
| Scroll of Town Portal | 3 | |
| Orb of Fire | 2 | |
| Potion of Healing | 2 | |
7 total
Chat log
(00:24 / All) GeorgeSMcBush: TROLL HANDS ON DECK
(00:36 / All) Dorian12.0: your bad
(00:40 / All) GeorgeSMcBush: It's "you'r".
(00:45 / All) Dorian12.0: loool i trool u
(00:51 / All) Naxx: you're*
(00:56 / All) I_BS: Hi, I'm Troll McClure
(00:59 / All) GeorgeSMcBush: "you'r e"
(01:09 / All) Dorian12.0: as in
(01:12 / All) Dorian12.0: you'r e ad
(02:21 / Allies) imagine]: lol
(02:22 / Allies) Dorian12.0: make towers
(02:24 / Allies) Dorian12.0: in your base
(02:37 / All) GeorgeSMcBush: Seriously, why do people do that?
(02:42 / All) I_BS: how...
(02:53 / All) I_BS: I'm so confused
(03:17 / Allies) Dorian12.0: make towers of your own
(03:19 / All) GeorgeSMcBush: I would drop too, if someone did something that pathetic.
(03:24 / All) Dorian12.0: especially if i didn't have a barracks
(03:33 / Allies) imagine]: counter tower
(03:34 / Allies) imagine]: you fuck
(03:57 / Allies) BattleWolf: or u could help
(03:59 / Allies) BattleWolf: either way
(04:03 / Allies) BattleWolf: fag
(04:04 / Allies) I_BS: no
(04:06 / Allies) I_BS: There is no "Or"
(04:09 / Allies) I_BS: both can happen
(04:48 / Allies) imagine]: and yellow dies
(04:49 / Allies) imagine]: lol
(05:38 / All) Dorian12.0: lol yellow tries to betray
(05:44 / All) I_BS: lol did he really
(05:50 / Allies) Dorian12.0: he's trying
(05:51 / All) I_BS: Oh I see
(05:52 / Allies) Dorian12.0: to kill you
(06:01 / All) I_BS: Using wind walk even
(06:02 / All) I_BS: Hahah
(06:19 / All) I_BS: I don't think he knows it doesn't work on allies
(06:36 / Allies) I_BS: thanks ruin
(07:07 / All) GeorgeSMcBush: Yellow, seriously.
(07:21 / All) GeorgeSMcBush: And you're just as culpable, green.
(07:24 / All) GeorgeSMcBush: For doing something that dumb.
(07:28 / All) I_BS: lol
(08:00 / All) GeorgeSMcBush: This is 2012.
(08:26 / Allies) Dorian12.0: start mining
(08:44 / Allies) I_BS: right lol woops
(09:52 / Allies) Dorian12.0: frost wyrms
(10:14 / All) I_BS: not even really sure what I"m trying tod o here
(10:21 / All) I_BS: But something I guess1
(10:26 / Allies) imagine]: buy me time
(10:50 / All) I_BS: I mean when yellow did
(10:53 / Allies) I_BS: That thing that yellow did
(10:58 / All) I_BS: I just said to myself
(11:06 / All) I_BS: what would clan_iraq do?
(11:14 / All) GeorgeSMcBush: Make Hedphelym orgasm.
(11:22 / All) I_BS: lol yep pretty much
(11:47 / Allies) I_BS: hey teal what are you making?
(11:52 / Allies) imagine]: gryphons
(11:54 / Allies) I_BS: ok
(11:57 / Allies) I_BS: I'll make tanks then
(12:04 / All) I_BS: or morts
(12:08 / Allies) Dorian12.0: have demos
(12:13 / Allies) I_BS: ok
(12:52 / All) I_BS: I wish hedyphlem did more videos
(13:05 / All) GeorgeSMcBush: Karune. Karune. Karune is on fire.
(13:29 / All) GeorgeSMcBush: I don't even know what I'm doing right now.
(16:17 / Allies) imagine]: please
(16:27 / Allies) I_BS: ok
(16:30 / Allies) imagine]: get this
(16:30 / Allies) imagine]: please
(17:27 / All) I_BS: Wooooops
(17:39 / Allies) I_BS: pink
(17:41 / Allies) I_BS: gonna need help down here
(17:42 / Allies) I_BS: now
(17:43 / All) GeorgeSMcBush: okay fucking hell ill take care of teal
(17:47 / All) GeorgeSMcBush: gimme 3 mins
(17:51 / Allies) I_BS: ghetto's comin to town
(18:09 / All) I_BS: good call teal lol
(18:13 / Allies) imagine]: lol
(19:18 / Allies) Dorian12.0: need those tanks
(19:19 / All) I_BS: Blue can I have some of your claws
(19:27 / Allies) I_BS: righto
(19:37 / Allies) I_BS: i need a porto
(19:40 / All) imagine]: gg
(19:43 / All) GeorgeSMcBush: gg
(19:46 / All) GeorgeSMcBush: btw
(19:48 / All) GeorgeSMcBush: if you want to blame someone
(19:48 / All) Lazeruss: gg
(19:50 / All) GeorgeSMcBush: you can blame yellow
(19:54 / All) GeorgeSMcBush: and it would be perfectly acceptable
(19:58 / All) I_BS: Nope
(20:01 / All) I_BS: I'm blaming green
(20:04 / All) I_BS: Yes we lost he did something dumb.
(20:06 / All) Lazeruss: o.O
(20:22 / Allies) I_BS: yeah im' goin there
(20:27 / All) Dorian12.0: 1-1 frost wyrms
(20:29 / All) Dorian12.0: -.-
(20:59 / All) GeorgeSMcBush: to hell with this im hallsmashing my allies for the hell of it
(21:01 / All) GeorgeSMcBush: this game is over
(21:08 / Allies) I_BS: ok
(21:21 / Allies) Dorian12.0: get ready
(22:14 / Allies) Dorian12.0: get the tanks up front
(22:20 / All) GeorgeSMcBush: blue is backstabbing my backstabbing
(22:22 / All) GeorgeSMcBush: reported
(22:49 / All) Dorian12.0: impressive play
(22:52 / All) Dorian12.0: 1 barracks down
(23:07 / All) Lazeruss: was distracted by red attacking my base
(23:12 / All) I_BS: Suuuuure
(23:53 / Allies) I_BS: omw
(24:32 / All) Lazeruss: gg
(24:36 / All) I_BS: gg
(24:41 / All) GeorgeSMcBush: let's finish this now
(24:44 / All) GeorgeSMcBush: stop killing me you nab
(25:31 / All) GeorgeSMcBush: well
(25:36 / All) GeorgeSMcBush: i don't know how you expect to kill them now
(26:43 / Allies) Dorian12.0: more tanks
(26:47 / Allies) I_BS: being amde
(26:51 / Allies) Dorian12.0: get like 3 more workshops
(27:08 / Allies) I_BS: that will take a moment
(27:41 / Allies) I_BS: i'm kinda dead though
(27:46 / Allies) I_BS: i have 3 tanks
(27:55 / Allies) Dorian12.0: your base is good
(27:58 / Allies) Dorian12.0: you have tons of money
(28:08 / Allies) I_BS: yeah
(28:43 / All) GeorgeSMcBush: i think blue is mad at me
(28:44 / All) Dorian12.0: another big play
(28:57 / All) Dorian12.0: do you offer coaching?
(29:17 / All) GeorgeSMcBush: 10 bucks a gam
(29:29 / All) Dorian12.0: seems reasonable
(29:32 / All) Dorian12.0: but i was asking green
(29:45 / All) Lazeruss: asking me wut
(29:51 / All) Dorian12.0: do you offer coaching?
(29:59 / All) Lazeruss: coaching in what
(30:02 / All) I_BS: LoL
(30:04 / All) Dorian12.0: this game
(30:10 / All) Lazeruss: why do you ask
(30:10 / All) Dorian12.0: you made some big plays
(30:18 / All) Dorian12.0: like that time you suicided your army for a barracks
(30:21 / All) I_BS: You can't win, spellbreaker.
(30:23 / All) Lazeruss: like i said
(30:29 / All) Lazeruss: wasnt paying attention, red was attacking my main.
(30:36 / All) GeorgeSMcBush: hahaha
(30:40 / All) Dorian12.0: multitasking
(30:41 / All) Dorian12.0: wat
(30:50 / All) Lazeruss: ok
(30:52 / All) GeorgeSMcBush: i was gonna lay off
(30:53 / All) GeorgeSMcBush: but
(31:01 / All) GeorgeSMcBush: since you're killing all my shit now
(31:03 / All) GeorgeSMcBush: this means war
(31:20 / All) I_BS: How lovely.
(31:24 / All) I_BS: Green,
(31:27 / All) I_BS: I'm gonna call you Sabrina.
(31:32 / All) I_BS: Purple, you're Christie.
(31:39 / All) Lazeruss: that would be appropriate seeing that is my name
(31:44 / All) I_BS: Sabrina, why don't you dance a little?
(31:54 / All) Lazeruss: have been dancing this whole game
(32:05 / Allies) I_BS: we moving out soon ruin?
(32:24 / Allies) Dorian12.0: setting up some extra bases
(32:32 / Allies) I_BS: I should do the same
(32:40 / Allies) Dorian12.0: take this one
(32:48 / Allies) I_BS: ok
(33:17 / Allies) Dorian12.0: making some extra headhunters and let's go
(33:35 / All) I_BS: woops
(33:39 / Allies) I_BS: arlgiht
(35:39 / Allies) I_BS: yeah i kinda botched that
(35:55 / All) GeorgeSMcBush: holy shit
(35:55 / Allies) I_BS: but things are looking good at your end I suppose
(35:56 / All) GeorgeSMcBush: the BM is 10
(37:36 / All) I_BS: oooooooh no
(37:39 / All) I_BS: lol oops
(37:44 / All) GeorgeSMcBush: gj
(37:52 / Allies) I_BS: yeah
(37:54 / Allies) I_BS: ready when you are
(38:32 / All) GeorgeSMcBush: In the words of Nancy Kerrigan
(38:36 / All) Lazeruss: kiss me
(39:26 / All) GeorgeSMcBush: hmmm
(39:29 / All) GeorgeSMcBush: you guys want to do me a favor
(39:31 / All) GeorgeSMcBush: you guys quit
(39:33 / All) GeorgeSMcBush: give them the win
(39:37 / All) Dorian12.0: why?
(39:42 / All) Dorian12.0: but we had yellow
(39:43 / All) GeorgeSMcBush: because i was killing their bases
(39:43 / All) I_BS: yeah bruh why?
(39:44 / All) Dorian12.0: :(
(39:47 / All) I_BS: So
(39:50 / All) GeorgeSMcBush: under the impression that we had it in hand
(39:56 / All) Dorian12.0: yeah okay
(40:03 / All) Dorian12.0: we win this one in spirit though rihgt?
(40:04 / All) I_BS: so wat...
(40:07 / All) GeorgeSMcBush: basically
(40:15 / All) Dorian12.0: your team is actually like dead or what?
(40:19 / All) I_BS: Bout to be
(40:23 / All) GeorgeSMcBush: you have a 10 BM
(40:23 / All) GeorgeSMcBush: you win.
(40:54 / All) Dorian12.0: hm
(40:55 / All) Dorian12.0: guess so
(40:56 / All) I_BS: Shouldn't lie to ur allies :P
(41:07 / All) GeorgeSMcBush: blue made it worse
(41:12 / All) GeorgeSMcBush: by killing like two armies of mortars
(41:17 / All) I_BS: Yeah
(41:20 / All) I_BS: He shouldn't get to win for hta.
(41:48 / All) I_BS: In my honest opinion
(41:49 / Allies) Dorian12.0: retake
(42:28 / All) GeorgeSMcBush: meh
(42:33 / All) GeorgeSMcBush: either way
(42:34 / All) GeorgeSMcBush: i got nothing
(42:41 / Allies) I_BS: Oooh boy
(42:43 / All) I_BS: I dropped lol
(43:41 / All) I_BS: Well I mean I'm technically still here I guess
(43:51 / All) I_BS: but after this it'll say I dropped
(45:47 / All) I_BS: oooooh I get it
(45:53 / All) I_BS: Blue Is TPN's dad.
(45:57 / All) I_BS: "NERF. IM UNDER ATTACK!"
(46:17 / All) GeorgeSMcBush: this game is still going
(46:20 / All) GeorgeSMcBush: and it looks like you're up
(46:20 / All) GeorgeSMcBush: wtf
(47:17 / All) I_BS: Your team chat been any good, ghetto?
(48:10 / All) Lazeruss: gg
(48:14 / All) GeorgeSMcBush: nothing, really
(48:16 / Allies) Dorian12.0: time to leave?
(48:21 / All) Dorian12.0: gg
(48:28 / All) GeorgeSMcBush: ggs
(48:33 / All) GeorgeSMcBush: DO THE RIGHT THINK KRUIN
(49:08 / All) I_BS: 'fraid I'm not all right :P
(49:21 / All) GeorgeSMcBush: should have given it to me red
(49:24 / All) GeorgeSMcBush: i would have saved you
(49:55 / All) I_BS: who?
(50:01 / All) GeorgeSMcBush: blye
(50:03 / All) GeorgeSMcBush: blue
(50:04 / All) I_BS: AH ok
(50:08 / All) GeorgeSMcBush: he's complaining that he gave his resources to purple
(50:10 / All) GeorgeSMcBush: yeah
(50:11 / All) GeorgeSMcBush: you won
(50:14 / All) I_BS: Ok
(50:34 / All) I_BS: Gg
(50:37 / All) GeorgeSMcBush: ggs
(50:52 / All) I_BS: Blue's still getting a loss though
(50:56 / All) I_BS: or at least a tie
(51:01 / All) GeorgeSMcBush: hahaohwow.jpg
(51:23 / All) I_BS: It does look better on your record blue
(51:26 / All) I_BS: a tie than a loss
(52:25 / All) I_BS: are you guys hiding shit
(52:56 / All) I_BS: more specifically blue I guess
(53:07 / All) I_BS: I'd be none too pleased
(54:24 / All) I_BS: ohw hat
(54:38 / All) I_BS: Minimize for the second blue starts playing again
(56:36 / All) Lazeruss: lol